 Dungeon Crawl Stone Soup version 0.31-a0-851-g7ff8af7976 (webtiles) character file.

Game seed: 7713350088542355002

1022 RepHenryClay the Covert (level 8, -6/63 HPs)
             Began as a Gnoll Brigand on Oct 7, 2023.
             Was an Initiate of Okawaru.
             Killed from afar by Maggie (15 damage)
             ... with a bolt of fire
             ... on level 6 of the Dungeon.
             The game lasted 00:09:17 (4951 turns).

RepHenryClay the Covert (Gnoll Brigand)             Turns: 4951, Time: 00:09:17

Health: -6/63      AC:  9    Str: 13    XL:     8   Next: 22%
Magic:  12/12      EV: 10    Int: 10    God:    Okawaru [......]
Gold:   285        SH:  0    Dex: 14    Spells: 10/13 levels left

rFire   . . .        a - +1 dagger (speed)
rCold   . . .        (no shield)
rNeg    . . .        s - +0 scale mail
rPois   .            (no helmet)
rElec   .            c - +0 cloak
rCorr   .            l - +0 pair of gloves
SInv    .            (no boots)
Will    .....        j - amulet of regeneration
Stlth   +++          u - ring of wizardry
HPRegen 1.10/turn    x - ring of flight
MPRegen 0.13/turn

%: wizardry (x1)
@: attractive, flying, hasted, very quick
A: fangs 1, strong nose, distributed training
a: Renounce Religion


You were on level 6 of the Dungeon.
You worshipped Okawaru.
Okawaru was noncommittal.
You visited 1 branch of the dungeon, and saw 6 of its levels.

You collected 285 gold pieces.

Inventory:

Hand Weapons
 a - a +1 dagger of speed (weapon)
 h - a +2 dagger
 i - a +0 rapier
Missiles
 d - 6 poisoned darts (quivered)
 e - 2 curare-tipped darts
Armour
 c - a +0 cloak (worn)
 l - a +0 pair of gloves (worn)
 s - a +0 scale mail (worn)
Jewellery
 j - an amulet of regeneration (around neck)
 u - a ring of wizardry (left hand)
 x - a ring of flight (right hand)
Scrolls
 b - a scroll of amnesia
 g - a scroll of fog
 n - 2 scrolls of revelation
 q - a scroll of fear {unknown}
 v - a scroll of noise {unknown}
 w - a scroll of enchant weapon {unknown}
 y - a scroll of teleportation {unknown}
 B - a scroll of poison {unknown}
Potions
 k - a potion of mutation {unknown}
 m - a potion of brilliance {unknown}
 o - a potion of degeneration {unknown}
 p - a potion of curing {unknown}
 r - 3 potions of lignification
 z - a potion of might {unknown}
 A - a potion of attraction


   Skills:
 + Level 5.6 Fighting
 + Level 5.6 Short Blades
 + Level 3.1 Long Blades
 + Level 3.1 Axes
 + Level 3.1 Maces & Flails
 + Level 3.1 Polearms
 + Level 3.1 Staves
 + Level 3.1 Ranged Weapons
 + Level 5.6 Throwing
 + Level 3.1 Armour
 + Level 4.1 Dodging
 + Level 8.4 Stealth
 + Level 3.1 Shields
 + Level 3.1 Unarmed Combat
 + Level 3.1 Spellcasting
 + Level 2.5 Conjurations
 + Level 2.5 Hexes
 + Level 2.5 Summonings
 + Level 2.5 Necromancy
 + Level 2.5 Translocations
 + Level 2.5 Transmutations
 + Level 2.5 Fire Magic
 + Level 2.5 Ice Magic
 + Level 2.5 Air Magic
 + Level 2.5 Earth Magic
 + Level 2.5 Poison Magic
 + Level 3.4 Invocations
 + Level 3.1 Evocations
 + Level 2.8 Shapeshifting


You had 10 spell levels left.
You knew the following spells:

 Your Spells              Type           Power      Damage    Failure   Level
a - Mephitic Cloud        Conj/Pois/Air  6%         N/A       45%         3

Your spell library contained the following spells:

 Spells                   Type           Power      Damage    Failure   Level
 Kiss of Death            Conj/Necr      24%        2d7       17%         1
 Poisonous Vapours        Pois/Air       12%        N/A       26%         2
 Confusing Touch          Hex            6%         N/A       45%         3
 Frozen Ramparts          Ice            12%        1d2       45%         3
 Dispel Undead            Necr           6%         3d8       83%         4
 Petrify                  Tmut/Erth      6%         N/A       83%         4
 Freezing Cloud           Conj/Ice/Air   3%         6-21      99%         5
 Metabolic Englaciation   Hex/Ice        3%         N/A       99%         5


Dungeon Overview and Level Annotations

Branches:
Dungeon (6/15)
 Temple: D:4-7

Altars:
Ashenzari
Elyvilon
Fedhas
Gozag
Okawaru

Shops:
D:3 =

Annotations:
D:6 Maggie


Innate Abilities, Weirdness & Mutations

You have very sharp teeth.
Your uncanny sense of smell can sniff out nearby items.
Your experience applies equally to all skills.


Message History

A gnoll comes into view. It is wielding a +0 flail.
Maggie points at you and mumbles some strange words.
The bolt of fire hits you!
* * * LOW HITPOINT WARNING * * *
Huge Dmg: -27%(-17hp) hp: 29%(18hp) Level annotation: Maggie Welcome back, RepHenryClay the Gnoll Brigand.
Okawaru says: Bring me glory in combat!
Press ? for a list of commands and other information.
You aren't carrying any items that you can evoke.
Unknown command.
You feel much better.
The gnoll sergeant hits you from afar with a +3 trident of venom.
You hit Maggie but do no damage. You bite Maggie, but do no damage.
Maggie is severely wounded.
Maggie casts a spell at you. The bolt of fire hits you!!
* * * LOW HITPOINT WARNING * * *
Huge Dmg: -44%(-28hp) hp: 12%(7hp) Level annotation: Maggie Welcome back, RepHenryClay the Gnoll Brigand.
Okawaru says: Bring me glory in combat!
Press ? for a list of commands and other information.
Press: ? - help, v - describe, . - travel
Here: Maggie, wielding a +0 morningstar and wearing +0 steam dragon scales (severely wounded, mesmerising, very poisoned, slow)
The floor.
Unknown command.
Okay, then.
You aren't carrying any items that you can evoke.
Unknown command.
Unknown command.
It was a potion of attraction.
You feel attractive to monsters.
You break out of your daze.
The gnoll sergeant barely misses you.
It was a potion of haste.
You feel yourself speed up. The gnoll sergeant barely misses you.
Maggie casts a spell at you. The bolt of fire hits you!
You die...

.#### ....# ###.# ###
#.# .g# #.# #g# #.# #g#
#.# #g# #.# #@# ###.###
#@# #.....# ##.##
#.....##########...#
.................#....#
#.....##########$..####
.[)....# ...## #.....##
##### ≈≈≈≈≈## ≈≈##≈#


You could see Maggie (very poisoned, slow), a gnoll sergeant and 3 gnolls.

Vanquished Creatures
  A black bear (D:6)
  An orc warrior (D:6)
  An ice beast (D:6)
  An ogre (D:5)
  A phantom (D:6)
  2 electric eels (D:6)
  3 hounds
  3 orc priests (D:4)
  3 iguanas
  3 orc wizards
  3 gnolls (D:5)
  5 adders
  2 ufetubi (D:6)
  4 dart slugs
  9 orcs
  5 bats
  7 endoplasms
  9 giant cockroaches
  6 goblins
  8 hobgoblins
  3 kobolds
  4 quokkas
  9 ball pythons
  2 frilled lizards (D:1)
  5 rats
100 creatures vanquished.

Vanquished Creatures (others)
  A butterfly (D:6)
1 creature vanquished.

Grand Total: 101 creatures vanquished

Notes
Turn   | Place    | Note
-------+----------+-------------------------------------------
     0 | D:1      | RepHenryClay the Gnoll Brigand began the quest for the Orb.
     0 | D:1      | Reached XP level 1. HP: 20/20 MP: 1/1
   292 | D:1      | Reached XP level 2. HP: 26/26 MP: 2/2
   592 | D:1      | Reached XP level 3. HP: 31/31 MP: 3/3
   616 | D:1      | Learned a level 3 spell: Mephitic Cloud
   885 | D:2      | Reached skill level 1 in Invocations
  1064 | D:2      | Reached skill level 1 in Long Blades
  1064 | D:2      | Reached skill level 1 in Axes
  1064 | D:2      | Reached skill level 1 in Maces & Flails
  1064 | D:2      | Reached skill level 1 in Polearms
  1064 | D:2      | Reached skill level 1 in Staves
  1064 | D:2      | Reached skill level 1 in Ranged Weapons
  1064 | D:2      | Reached skill level 1 in Armour
  1064 | D:2      | Reached skill level 1 in Shields
  1064 | D:2      | Reached skill level 1 in Unarmed Combat
  1064 | D:2      | Reached skill level 1 in Spellcasting
  1064 | D:2      | Reached skill level 1 in Evocations
  1111 | D:2      | Reached XP level 4. HP: 38/38 MP: 5/5
  1119 | D:2      | Reached skill level 1 in Shapeshifting
  1219 | D:2      | Found a blossoming altar of Fedhas.
  1812 | D:3      | Reached skill level 1 in Conjurations
  1812 | D:3      | Reached skill level 1 in Hexes
  1812 | D:3      | Reached skill level 1 in Summonings
  1812 | D:3      | Reached skill level 1 in Necromancy
  1812 | D:3      | Reached skill level 1 in Translocations
  1812 | D:3      | Reached skill level 1 in Transmutations
  1812 | D:3      | Reached skill level 1 in Fire Magic
  1812 | D:3      | Reached skill level 1 in Ice Magic
  1812 | D:3      | Reached skill level 1 in Air Magic
  1812 | D:3      | Reached skill level 1 in Earth Magic
  1812 | D:3      | Reached skill level 1 in Poison Magic
  1925 | D:3      | Found a broken altar of Ashenzari.
  2015 | D:3      | Found an opulent altar of Gozag.
  2123 | D:3      | Noticed an ice beast
  2185 | D:3      | Found Qauma's Jewellery Shop.
  2801 | D:4      | Reached XP level 5. HP: 42/43 MP: 6/6
  2850 | D:4      | Reached skill level 8 in Stealth
  3016 | D:4      | Reached XP level 6. HP: 39/50 MP: 8/8
  3433 | D:5      | Entered Level 5 of the Dungeon
  3485 | D:5      | Reached skill level 5 in Fighting
  3485 | D:5      | Reached skill level 5 in Short Blades
  3485 | D:5      | Reached skill level 5 in Throwing
  3769 | D:5      | Reached XP level 7. HP: 45/56 MP: 10/10
  4479 | D:6      | Reached XP level 8. HP: 60/63 MP: 12/12
  4611 | D:6      | Found an iron altar of Okawaru.
  4620 | D:6      | Became a worshipper of Warmaster Okawaru
  4690 | D:6      | Found a white marble altar of Elyvilon.
  4930 | D:6      | Noticed Maggie
  4951 | D:6      | Killed from afar by Maggie

Illustrated notes

Levels and vault maps discovered:
D:1:      dpeg_arrival_simpleton_b, layout_basic, serial_bayou_ford_a
D:2:      cheibrodos_helix_gallery, layout_basic, basic_altar,
          hangedman_decor_opposing
D:3:      minmay_roachtagon, layout_basic,
          nicolae_gozag_cash_rules_everything_around_me,
          cheibrodos_ashenzari_chains, serial_shops, shop,
          nicolae_concentric_dashed_squares_wild, lightli_corner_chamber
D:4:      layout_cave_pools
D:5:      layout_rooms
D:6:      layout_loops_ring, okawaru_metal_pillars_1_2,
          nicolae_elyvilon_peaceful_grove, tso_oasis_becter, lightli_minifort,
          uniq_maggie

Skill      XL: |  1  2  3  4  5  6  7  8 |
---------------+-------------------------+-----
Invocations    | 1 2 3 |  3.4
Long Blades    | 1 2 3 |  3.1
Axes           | 1 2 3 |  3.1
Maces & Flails | 1 2 3 |  3.1
Polearms       | 1 2 3 |  3.1
Staves         | 1 2 3 |  3.1
Ranged Weapons | 1 2 3 |  3.1
Armour         | 1 2 3 |  3.1
Shields        | 1 2 3 |  3.1
Unarmed Combat | 1 2 3 |  3.1
Spellcasting   | 1 2 3 |  3.1
Evocations     | 1 2 3 |  3.1
Shapeshifting  | 1 2 |  2.8
Conjurations   | 1 2 |  2.5
Hexes          | 1 2 |  2.5
Summonings     | 1 2 |  2.5
Necromancy     | 1 2 |  2.5
Translocations | 1 2 |  2.5
Transmutations | 1 2 |  2.5
Fire Magic     | 1 2 |  2.5
Ice Magic      | 1 2 |  2.5
Air Magic      | 1 2 |  2.5
Earth Magic    | 1 2 |  2.5
Poison Magic   | 1 2 |  2.5
Dodging        | 3 4 |  4.1
Stealth        | 8 |  8.4
Fighting       | 5 |  5.6
Short Blades   | 5 |  5.6
Throwing       | 5 |  5.6

Action                     |  1- 3 |  4- 6 |  7- 9 || total
---------------------------+-------+-------+-------++-------
  Melee: Dagger            |    67 |   299 |   276 ||   642
         Bite              |     6 |    33 |    31 ||    70
         Punch             |     1 |    11 |     5 ||    17
  Throw: Dart              |       |    20 |     9 ||    29
    Use: Scroll            |       |     4 |     1 ||     5
         Potion            |       |       |     5 ||     5
   Stab: Sleeping          |    17 |     5 |     2 ||    24
 Armour: Robe              |    15 |    50 |       ||    65
         Scale mail        |       |   102 |   128 ||   230
         Skin              |       |       |    26 ||    26
  Dodge: Dodged            |    27 |   115 |    72 ||   214

Table legend: (Time is in decaauts)
 A = Elapsed time spent in this place.
 B = Non-inter-level travel time spent in this place.
 C = Inter-level travel time spent in this place.
 D = Time resting spent in this place.
 E = Time spent auto-exploring this place.
 F = Levels seen in this place.
 G = Mean time per level.
                   A        B        C        D        E       F      G
               +--------+--------+--------+--------+--------+-----+--------+
         Total |   4673 |   4406 |    267 |    100 |   3349 |   6 |  778.8 |
       Dungeon |   4673 |   4406 |    267 |    100 |   3349 |   6 |  778.8 |
               +--------+--------+--------+--------+--------+-----+--------+

Top non-repeatable levels by time:
     D:3: 1174 daAuts
     D:1: 830 daAuts
     D:6: 713 daAuts
     D:4: 679 daAuts
     D:2: 673 daAuts
     D:5: 602 daAuts
